AoeStats
← escipio5

Glade

510522924Analyzed
1v1 RM · 15h ago on Oct 1, 2026· 44m 29s· 2 players
Game mode
Random Map
Map size
Tiny (2 player)
Population
200
Speed
Normal
Resources
Standard
Victory
Conquest
Starting age
Dark Age
Ending age
Imperial Age
RankedLock teamsTeams togetherTeam positionsShared explorationLock speedFull tech treeHidden civsTurbo modeCheats
Victory
Defeat
🇪🇸 Mongols · Spain
917
+16
🇨🇱 Byzantines · Chile
915
-16
carlos.zetace.one
11:38 Feudal Age
13:23 Loom
16:52 Castle Age
15:00 Horse Collar
15:57 Double-Bit Axe
19:04 Heavy Plow
22:41 Wheelbarrow
22:37 Fletching
23:33 Bodkin Arrow
26:01 Gold Mining
26:22 Bow Saw
26:06 Stone Mining
28:58 Hand Cart
30:11 Gold Shaft Mining
30:40 Forging
37:14 Imperial Age
36:29 Elite Skirmisher
37:16 Thumb Ring
42:43 Crop Rotation
42:50 Stone Shaft Mining
44:56 Husbandry
45:36 Iron Casting
45:06 Scale Barding Armor
escipio5
4:17 Loom
11:42 Feudal Age
12:27 Double-Bit Axe
12:47 Horse Collar
13:26 Town Watch
21:02 Castle Age
20:04 Bloodlines
20:19 Forging
20:33 Fletching
22:02 Wheelbarrow
22:21 Bow Saw
24:11 Bodkin Arrow
24:32 Husbandry
26:38 Iron Casting
27:41 Town Patrol
29:59 Gold Mining
30:04 Stone Mining
31:18 Thumb Ring
31:52 Heavy Plow
37:01 Imperial Age
37:27 Padded Archer Armor
37:32 Scale Barding Armor
38:09 Elite Mangudai
40:11 Conscription
40:57 Chemistry
42:39 Bracer
43:03 Hand Cart
Connection lost

Rejoining the realm…

Still unreachable

The connection could not be restored.

Session expired

The server has moved on; the page needs a fresh start.